 Dungeon Crawl Stone Soup version 0.17.0-27-g4a3f43e (webtiles) character file.

26245 Kidiri the Grappler (level 12, -4/122 HPs)
             Began as a Troll Hunter on Nov 21, 2015.
             Was a Believer of Qazlal.
             Slain by a black mamba (6 damage)
             ... on level 4 of the Lair of Beasts.
             The game lasted 01:08:40 (14831 turns).

Kidiri the Grappler (Troll Hunter)                 Turns: 14831, Time: 01:08:40

Health: -4/122     AC: 14    Str: 23    XL:     12   Next: 96%
Magic:  19/22      EV: 11    Int: 10    God:    Qazlal [**....]
Gold:   682        SH: 18    Dex: 16    Spells: 0 memorised, 11 levels left

rFire  . . .     SeeInvis .       - Unarmed
rCold  + . .     Clarity  +     X - +1 robe {rC+}
rNeg   . . .     SustAt   .     t - +0 large shield
rPois  +         Gourm    +     R - +2 hat {Int+3}
rElec  .         Spirit   .     J - +2 cloak
rCorr  .         Warding  .     (gloves unavailable)
rMut   .         Stasis   .     (boots unavailable)
MR     +....                    G - amulet of rage
Stlth  +.........               d - ring of wizardry
                                H - ring of magical power

@: lethally poisoned (-4 -> -6), slowed, very slow, somewhat resistant to
hostile enchantments, very unstealthy
A: unfitting armour, claws 3, talons 1, molten scales 1, thin metallic scales 1,
agile 1, clarity, deterioration 1, fast metabolism 3, gourmand, low mp 1, magic
resistance 1, poison resistance, regeneration 2, shaggy fur 1, tough skin 2
a: Upheaval, Renounce Religion, Evoke Berserk Rage


You were on level 4 of the Lair of Beasts.
You worshipped Qazlal.
Qazlal was pleased with you.
You were completely stuffed.

You visited 3 branches of the dungeon, and saw 16 of its levels.

You collected 794 gold pieces.
You spent 112 gold pieces at shops.

Inventory:

Hand Weapons
 y - the +10 dagger of Zuuxuseitz {freeze, rPois Str+3 Int+3}
   (You found it on level 5 of the Dungeon)

   It has been specially enchanted to freeze those struck by it, causing extra
   injury to most foes and up to half again as much damage against particularly
   susceptible opponents.
   It can also slow down cold-blooded creatures.
   It affects your strength (+3).
   It affects your intelligence (+3).
   It protects you from poison.
 K - the +7 hand axe "Nafeir" {holy, Dex+2}
   (You found it on level 10 of the Dungeon)

   It has been blessed by the Shining One to cause great damage to the undead
   and demons.
   It affects your dexterity (+2).
 M - the +2 shortbow of the Jolly Songs {velocity, Dex+3}
   (You found it on level 10 of the Dungeon)

   Any arrow fired from it inflicts extra damage.
   It affects your dexterity (+3).
Missiles
 a - 389 stones
 f - 8 tomahawks
 B - 2 large rocks (quivered)
 I - 2 throwing nets
Armour
 c - a +0 cloak
 t - a +0 large shield (worn)
 J - a +2 cloak (worn)
 R - a +2 hat of intelligence (worn)
 X - a +1 robe of cold resistance (worn)
Jewellery
 d - a ring of wizardry (right claw)
 k - an uncursed ring of fire
 D - an uncursed ring of teleportation
 G - an amulet of rage (around neck)
 H - a ring of magical power (left claw)
 O - an uncursed amulet of resist corrosion
Wands
 o - a wand of polymorph (9)
 r - a wand of slowing (22)
 s - a wand of slowing (48)
 w - a wand of flame (23)
 z - a wand of confusion (17)
 A - a wand of magic darts (25)
 F - a wand of digging (14)
Scrolls
 h - 4 scrolls of noise
 l - a scroll of fear {unknown}
 m - 2 scrolls of fog
 C - a scroll of recharging
 E - a scroll of vulnerability {unknown}
 L - a scroll of holy word
 N - a scroll of brand weapon {unknown}
 Q - a scroll of magic mapping
 T - a scroll of blinking {unknown}
Potions
 g - 9 potions of curing
 i - 3 potions of brilliance {unknown}
 j - 5 potions of poison {unknown}
 n - a potion of flight
 u - 2 potions of lignification {unknown}
 v - 2 potions of agility
 P - a potion of berserk rage {unknown}
 U - a potion of invisibility {unknown}
Comestibles
 b - a slice of pizza
 e - 14 bread rations
 q - 26 fruits
 x - 2 beef jerkies
 S - a meat ration
 V - 11 chunks of flesh


   Skills:
 * Level 8.3 Fighting
 * Level 9.2 Throwing
 + Level 5.4 Armour
 * Level 7.9 Dodging
 - Level 0.4 Stealth
 + Level 5.0 Shields
 * Level 9.6 Unarmed Combat
 + Level 5.2 Invocations
 + Level 3.7 Evocations


You had 11 spell levels left.
You didn't know any spells.

Dungeon Overview and Level Annotations

Branches:
Dungeon (11/15)            Temple (1/1) D:5            Lair (4/8) D:10
  Swamp (0/4) Lair:3        Snake (0/4) Lair:3
    Orc: D:9-12

Altars:
Ashenzari
Cheibriados
Dithmenos
Elyvilon
Fedhas
Gozag
Kikubaaqudgha
Makhleb
Nemelex Xobeh
Okawaru
Qazlal
Ru
Sif Muna
Trog
Vehumet
Xom
Yredelemnul
Zin
The Shining One

Shops:
D:4 %   D:5 *   D:8 *


Innate Abilities, Weirdness & Mutations

You are too large for most types of armour.
You have claws for hands.
Your metabolism is lightning-fast.
You like to eat raw meat.
You heal very quickly.
You are covered in fur (AC +1).
You have very tough skin (AC +2).
You have sharp toenails.
You are partially covered in molten scales (AC +1).
You are partially covered in thin metallic scales (AC +2).
You are agile. (Dex +2)
You possess an exceptional clarity of mind.
Your body sometimes deteriorates upon taking damage.
Your magical capacity is low (-10% MP).
You are resistant to hostile enchantments.
Your system is resistant to poisons.


Message History

* * * LOW HITPOINT WARNING * * *
The wolf barely misses you. The wolf bites you.
* * * LOW HITPOINT WARNING * * *
You feel very sick. The black mamba barely misses you. The wolf bites you!
* * * LOW HITPOINT WARNING * * *
The black mamba bites you but does no damage.
You block the torpor snail's attack.
Unknown command.
You feel sick. You block the wolf's attack. You block the wolf's attack.
The wolf bites you.
* * * LOW HITPOINT WARNING * * *
You block the wolf's attack. The yak gores you.
* * * LOW HITPOINT WARNING * * *
The wolf closely misses you. You block the black mamba's attack.
The wolf closely misses you. x2
The yak gores you.
* * * LOW HITPOINT WARNING * * *
The wolf bites you but does no damage. The black mamba bites you.
You die...

#...................
#..#.#.#.%.....P#.. #
####.#.............##..
#.#.......%............
##.+...................
##..............%.......
#P..#.....h....†........
##.......YhHY.%††..../..
##.8..#...@SwY....†......
#........§hh§.)...#......
#8÷<.8...................
#..÷..#..........#P......
##...###..'..#..##..#..PP
##...###.#.P.#### ##.#...
###.....###..### ##...
##....8...###..#
##...........#..#


You could see a torpor snail, a black mamba, 3 yaks, a hippogriff and 4 wolves.

Vanquished Creatures
  Gastronok (Lair:1)
  Fannar (Lair:2)
  3 hydras
  The ghost of dvd the Covert, a journeyman SpEn of Gozag (D:9)
  Sonja (D:10)
  A hill giant (D:7)
  Pikel (D:4)
  An ugly thing (D:11)
  A griffon (Lair:3)
  2 black mambas (Lair:1)
  6 spiny frogs
  2 komodo dragons
  A troll (D:10)
  A two-headed ogre (D:10)
  Grinder (D:3)
  4 blink frogs (Lair:1)
  20 yaks
  A spriggan (D:7)
  A basilisk (Lair:2)
  A wyvern (Lair:4)
  A deep elf fighter (D:10)
  9 wolves
  9 hippogriffs
  Menkaure (D:4)
  4 nagas (Lair:3)
  6 porcupines
  3 water moccasins
  A slave (D:4)
  6 phantoms
  7 ice beasts
  A sky beast (D:6)
  An orc warrior (D:8)
  A wasp (D:9)
  4 ogres
  5 centaurs
  10 crocodiles
  14 giant frogs
  A wyvern zombie (D:11)
  A wyvern skeleton (D:7)
  2 scorpions (D:8)
  A water moccasin skeleton (D:4)
  16 killer bees
  3 wights (D:8)
  4 crimson imps
  6 electric eels (Lair:3)
  2 giant frog zombies
  A centaur skeleton (D:10)
  5 orc priests
  2 quasits
  Ijyb (D:2)
  5 iguanas
  3 jellies
  9 orc wizards
  Natasha (thrice) (D:3)
  11 hounds
  6 giant frog skeletons
  9 sheep
  9 worker ants
  2 killer bee zombies
  2 hound zombies
  A hound skeleton (D:4)
  2 worker ant zombies (D:7)
  2 gnolls (D:2)
  Robin (D:4)
  17 adders
  32 river rats
  3 shadow imps
  A giant eyeball (D:9)
  An adder zombie (D:7)
  An adder skeleton (D:4)
  A worm (D:3)
  8 giant geckos
  43 orcs
  12 bats
  7 giant cockroaches
  13 hobgoblins
  10 jackals
  7 kobolds
  7 quokkas
  2 ball pythons
  A giant gecko skeleton (D:4)
  2 giant gecko zombies
  10 giant newts
  19 goblins
  15 rats
  A bush (Lair:2)
  6 fungi
  7 plants
470 creatures vanquished.

Vanquished Creatures (others)
  An orc (D:4)
  4 fungi
  20 plants
25 creatures vanquished.

Grand Total: 495 creatures vanquished

Notes
Turn   | Place    | Note
--------------------------------------------------------------
     0 | D:1      | Kidiri the Troll Hunter began the quest for the Orb.
     0 | D:1      | Reached XP level 1. HP: 19/19 MP: 0/0
   341 | D:1      | Reached XP level 2. HP: 28/28 MP: 1/1
   707 | D:2      | Reached XP level 3. HP: 35/35 MP: 2/2
   751 | D:2      | Found a burning altar of Makhleb.
   751 | D:2      | Noticed a blizzard demon
   830 | D:2      | Reached skill level 1 in Unarmed Combat
   967 | D:2      | Found a snail-covered altar of Cheibriados.
   974 | D:2      | Reached skill level 1 in Armour
   974 | D:2      | Reached XP level 4. HP: 21/42 MP: 3/3
   984 | D:2      | Reached skill level 4 in Throwing
  1164 | D:2      | Noticed Ijyb
  1181 | D:2      | Killed Ijyb
  1256 | D:2      | Found a sacrificial altar of Ru.
  1384 | D:2      | Found a deep blue altar of Sif Muna.
  1736 | D:3      | Reached XP level 5. HP: 45/50 MP: 4/4
  1922 | D:3      | Noticed Natasha
  1925 | D:3      | Killed Natasha
  1965 | D:3      | Noticed Grinder
  1975 | D:3      | Killed Grinder
  1975 | D:3      | Reached skill level 1 in Shields
  1975 | D:3      | Reached XP level 6. HP: 42/61 MP: 5/5
  2328 | D:3      | Noticed Natasha
  2342 | D:3      | Killed Natasha
  2595 | D:3      | Noticed Natasha
  2599 | D:3      | Killed Natasha
  2971 | D:4      | Noticed Menkaure
  2978 | D:4      | Killed Menkaure
  2978 | D:4      | Reached XP level 7. HP: 67/67 MP: 6/6
  3140 | D:4      | Reached skill level 5 in Throwing
  3275 | D:4      | Found a white marble altar of Elyvilon.
  3372 | D:4      | Noticed Robin
  3396 | D:4      | Killed Robin
  3519 | D:4      | Noticed Pikel
  3528 | D:4      | Killed Pikel
  3528 | D:4      | Reached XP level 8. HP: 54/79 MP: 7/7
  3550 | D:4      | Found Juethroda's Food Shoppe.
  3838 | D:5      | Entered Level 5 of the Dungeon
  3936 | D:5      | Found Vulewe's General Store.
  3944 | D:5      | Bought a potion of heal wounds for 70 gold pieces
  3944 | D:5      | Bought a potion of curing for 42 gold pieces
  4413 | D:5      | Got a transparent dagger
  4414 | D:5      | Identified the +10 dagger of Zuuxuseitz {freeze, rPois Str+3 Int+3} (You found it on level 5 of the Dungeon)
  4695 | D:6      | Gained mutation: You are resistant to hostile enchantments. [mutagenic meat]
  4696 | D:6      | Gained mutation: You have sharp toenails. [mutagenic meat]
  4697 | D:6      | Gained mutation: Your body sometimes deteriorates upon taking damage. [mutagenic meat]
  4698 | D:6      | Gained mutation: Your magical capacity is low (-10% MP). [mutagenic meat]
  4699 | D:6      | Gained mutation: Your system is resistant to poisons. [mutagenic meat]
  4700 | D:6      | Gained mutation: You are agile. (Dex +2) [mutagenic meat]
  4787 | D:6      | Reached skill level 5 in Unarmed Combat
  4800 | D:6      | Reached skill level 5 in Fighting
  4800 | D:6      | Reached skill level 6 in Throwing
  4800 | D:6      | Reached XP level 9. HP: 69/88 MP: 7/7
  4909 | D:6      | Found a burning altar of Makhleb.
  5170 | D:6      | Found an opulent altar of Gozag.
  5400 | D:5      | Found a staircase to the Ecumenical Temple.
  5416 | Temple   | Entered the Ecumenical Temple
  5652 | Temple   | Became a worshipper of Qazlal Stormbringer
  5852 | D:7      | Found a sparkling altar of Nemelex Xobeh.
  6068 | D:7      | Found a basalt altar of Yredelemnul.
  6248 | D:7      | Reached skill level 1 in Invocations
  6257 | D:7      | Reached skill level 5 in Dodging
  6702 | D:7      | Reached * piety under Qazlal
  7126 | D:7      | Noticed a hill giant
  7129 | D:7      | Killed a hill giant
  7129 | D:7      | Reached skill level 1 in Evocations
  7423 | D:8      | Found a burning altar of Makhleb.
  7429 | D:8      | Reached XP level 10. HP: 98/98 MP: 9/9
  7796 | D:8      | Gained mutation: You are partially covered in thin metallic scales (AC +2). [potion of beneficial mutation]
  8093 | D:8      | Found Zischero's Assorted Antiques.
  8509 | D:9      | Noticed dvd's ghost (journeyman SpEn)
  8511 | D:9      | Reached ** piety under Qazlal
  8511 | D:9      | Reached skill level 7 in Throwing
  8545 | D:9      | Killed dvd's ghost
  8617 | D:9      | Found a shadowy altar of Dithmenos.
  9022 | D:9      | Paralysed by a giant eyeball for 4 turns
  9027 | D:9      | Reached XP level 11. HP: 85/106 MP: 11/11
  9324 | D:9      | Reached *** piety under Qazlal
  9566 | D:10     | Entered Level 10 of the Dungeon
 10105 | D:10     | Noticed Sonja
 10147 | D:10     | Reached **** piety under Qazlal
 10157 | D:10     | Killed Sonja
 10157 | D:10     | Reached skill level 8 in Throwing
 10297 | D:10     | Found a staircase to the Lair.
 10368 | D:10     | Got a smoking hand axe
 10369 | D:10     | Identified the +7 hand axe "Nafeir" {holy, Dex+2} (You found it on level 10 of the Dungeon)
 10400 | D:10     | Got a translucent shortbow
 10406 | D:10     | Identified the cursed +2 shortbow of the Jolly Songs {velocity, Dex+3} (You found it on level 10 of the Dungeon)
 10829 | D:11     | Gained mutation: You are partially covered in molten scales (AC +1). [mutagenic meat]
 10830 | D:11     | Gained mutation: You possess an exceptional clarity of mind. [mutagenic meat]
 10921 | Lair:1   | Entered Level 1 of the Lair of Beasts
 11042 | Lair:1   | Noticed a five-headed hydra
 11058 | Lair:1   | Killed a six-headed hydra
 11628 | Lair:1   | Noticed Gastronok
 11654 | Lair:1   | Reached XP level 12. HP: 98/118 MP: 12/12
 11678 | Lair:1   | Killed Gastronok
 12420 | Lair:2   | Found an iron altar of Okawaru.
 12572 | Lair:2   | Noticed Fannar
 12599 | Lair:2   | Killed Fannar
 12599 | Lair:2   | Reached skill level 5 in Armour
 12599 | Lair:2   | Reached skill level 9 in Unarmed Combat
 13292 | Lair:3   | Found a staircase to the Swamp.
 13684 | Lair:3   | Noticed a six-headed hydra
 13690 | Lair:3   | Killed a six-headed hydra
 13744 | Lair:3   | Found a staircase to the Snake Pit.
 13809 | Lair:3   | Noticed a six-headed hydra
 13842 | Lair:3   | Killed an eight-headed hydra
 13842 | Lair:3   | Reached skill level 5 in Invocations
 14140 | Lair:3   | Reached skill level 5 in Shields
 14831 | Lair:4   | HP: 3/122 [yak[a torpor snail] (4)]
 14831 | Lair:4   | Slain by a black mamba

Action                   |  1- 3 |  4- 6 |  7- 9 | 10-12 || total
-------------------------+-------+-------+-------+-------++-------
Melee: Unarmed           |   101 |   217 |   352 |   999 ||  1669
Throw: Large rock        |     2 |    19 |    43 |    34 ||    98
       Stone             |       |    33 |    27 |    25 ||    85
       Tomahawk          |       |       |       |     3 ||     3
       Throwing net      |       |       |       |     2 ||     2
Invok: Upheaval          |       |       |       |    26 ||    26
       Elemental Force   |       |       |       |     1 ||     1
 Abil: Evoke Berserk Rag |       |       |       |     3 ||     3
  Use: Scroll            |     1 |     4 |     6 |     4 ||    15
       Potion            |       |       |       |     7 ||     7
  Eat: Chunk             |    11 |    23 |    33 |    79 ||   146
       Meat ration       |       |       |     2 |       ||     2
